 Dungeon Crawl Stone Soup version 0.21-a0-205-ge9f4a53 (webtiles) character file.

1325 Lavandula the Chiller (level 8, -3/62 (63) HPs)
             Began as a Ghoul Ice Elementalist on Aug 20, 2017.
             Was a Believer of Cheibriados.
             Slain by a killer bee (4 damage)
             ... on level 8 of the Dungeon.
             The game lasted 00:25:12 (2656 turns).

Lavandula the Chiller (Ghoul Ice Elementalist)      Turns: 2656, Time: 00:25:13

HP:   -3/62 (63)    AC:  8    Str: 16    XL:     8   Next: 60%
MP:   2/10          EV: 12    Int: 16    God:    Cheibriados [**....]
Gold: 196           SH:  4    Dex: 13    Spells: 0/11 levels left

rFire    . . .     SeeInvis .     - Unarmed
rCold    + . .     Gourm    .   w - +0 buckler (curse)
rNeg     + + +     Faith    .   o - -2 leather armour (curse)
rPois    ∞         Spirit   .   (no helmet)
rElec    .         Reflect  .   m - +1 cloak
rCorr    .         Harm     .   (no gloves)
MR       .....     Rnd*Tele +   (no boots)
Stlth    ++........             (no amulet)
HPRegen  0.00/turn              u - ring of teleportation (curse)
MPRegen  0.12/turn              (no ring)

@: icy armour, very slightly contaminated, rotting, very slow
A: rotting body, claws 1, carnivore 3, cold resistance 1, negative energy
resistance 3, inhibited regeneration, torment resistance, unbreathing
a: Bend Time, Renounce Religion


You were on level 8 of the Dungeon.
You worshipped Cheibriados.
Cheibriados was pleased with you.
You were not hungry.

You visited 1 branch of the dungeon, and saw 8 of its levels.

You collected 280 gold pieces.
You spent 84 gold pieces at shops.

Inventory:

Missiles
 r - a throwing net (quivered)
Armour
 a - a +0 robe
 m - a +1 cloak (worn)
 n - a +2 pair of gloves
 o - a cursed -2 leather armour (worn)
 w - a cursed +0 buckler (worn)
Jewellery
 u - a cursed ring of teleportation (left claw)
Wands
 k - a wand of iceblast (6/15)
 t - a wand of lightning (2/15)
 v - a wand of iceblast (6/15)
 x - a wand of confusion (0/48)
Scrolls
 i - a scroll of holy word
 j - 2 scrolls of amnesia
 l - a scroll of recharging
 s - a scroll of enchant weapon
Potions
 f - a potion of haste
Books
 b - a book of Frost

   Spells                             Type                      Level
   a - Freeze                         Ice                          1
   b - Throw Frost                    Conjuration/Ice              2
   c - Ozocubu's Armour               Charms/Ice                   3
   d - Throw Icicle                   Conjuration/Ice              4
   e - Summon Ice Beast               Ice/Summoning                4
 e - a book of Misfortune

   Spells                             Type                      Level
   a - Confusing Touch                Hexes                        1
   b - Confuse                        Hexes                        3
   c - Gell's Gravitas                Translocation                3
   d - Petrify                        Transmutation/Earth          4
   e - Metabolic Englaciation         Hexes/Ice                    5
   f - Yara's Violent Unravelling     Hexes/Transmutation          5
Comestibles
 c - 3 meat rations
 d - 2 royal jellies


   Skills:
 - Level 3.2 Fighting
 - Level 2.7 Dodging
 - Level 2.1 Stealth
 + Level 3.1 Shields
 - Level 5.7 Unarmed Combat
 - Level 2.0 Spellcasting
 - Level 0.7 Conjurations
 - Level 3.5 Hexes
 - Level 1.0 Charms
 - Level 5.7 Ice Magic


You couldn't memorise any spells.
You knew the following spells:

 Your Spells              Type           Power        Failure   Level  Hunger
a - Freeze                Ice            ###.         2%          1    #......
b - Throw Frost           Conj/Ice       ##....       11%         2    ###....
c - Ozocubu's Armour      Chrm/Ice       ##......     21%         3    ###....
d - Confusing Touch       Hex            ##....       7%          1    #......
e - Summon Ice Beast      Ice/Summ       ##......     65%         4    #####..


Dungeon Overview and Level Annotations

Branches:
Dungeon (8/15)             Temple (0/1) D:6
   Lair: D:8-11

Altars:
Ashenzari
Cheibriados
Dithmenos
Kikubaaqudgha
Ru
Sif Muna

Shops:
D:5 ?

Annotations:
D:1 exclusion: jackal
D:3 Ijyb
D:4 Bikaver's ghost, amateur BaSk
D:5 exclusion: necrophage
D:8 exclusions: killer bee and two-headed ogre


Innate Abilities, Weirdness & Mutations

Your body is rotting away.
You thrive on raw meat.
You are immune to poison.
You have sharp fingernails.
You are carnivorous and can eat meat at any time.
Your flesh is cold resistant. (rC+)
You are immune to negative energy. (rN+++)
You do not regenerate when monsters are visible.
You are immune to unholy pain and torment.
You can survive without breathing.


Message History

You feel your flesh rotting away. The killer bee stings you.
* * * LOW HITPOINT WARNING * * *
You block the killer bee's attack.
The killer bee stings you but does no damage.
You block the killer bee's attack. x2
The killer bee barely misses the killer bee.
The killer bee barely misses you.
The killer bee barely misses the killer bee.
The killer bee stings you.
* * * LOW HITPOINT WARNING * * *
The killer bee misses you. The killer bee closely misses you.
The killer bee stings you but does no damage.
The killer bee closely misses you.
Okay, then.
The killer bee barely misses you.
The killer bee misses the killer bee.
The killer bee stings you.
* * * LOW HITPOINT WARNING * * *
The killer bee stings you.
You die...

######## ####### .......##
#.....#
........######o....########
.............'....)).>)....
............o#.....#.......
...........§§#######oh.....
...............y@# o......
...........#..yyy# o...o..
................y# .......
..........#......# .......
..........#...[..# .......
..........#......#
..........#..#####
..........##.#
..........##.#


You could see 5 killer bees.

Vanquished Creatures
  A water moccasin (D:6)
  A necrophage (D:7)
  2 bullfrogs (D:6)
  2 scorpions
  3 crimson imps
  3 hounds
  A jelly (D:5)
  A bullfrog zombie (D:6)
  8 orc wizards
  9 orc priests
  An iguana (D:6)
  A worker ant (D:4)
  3 adders
  3 gnolls (D:5)
  An ooze (D:2)
  An adder skeleton (D:7)
  A dart slug (D:1)
  3 leopard geckos
  15 orcs
  2 bats
  6 giant cockroaches
  2 goblins (D:1)
  A hobgoblin (D:1)
  4 jackals (D:5)
  3 quokkas
  A frilled lizard (D:1)
  A leopard gecko zombie (D:7)
80 creatures vanquished.

Notes
Turn   | Place    | Note
-------+----------+-------------------------------------------
     0 | D:1      | Lavandula the Ghoul Ice Elementalist began the quest for the Orb.
     0 | D:1      | Reached XP level 1. HP: 14/14 MP: 2/2
   137 | D:1      | Reached XP level 2. HP: 20/20 MP: 0/3
   284 | D:1      | Learned a level 2 spell: Throw Frost
   335 | D:2      | Reached skill level 1 in Fighting
   335 | D:2      | Reached XP level 3. HP: 4/28 MP: 0/5
   345 | D:2      | Learned a level 3 spell: Ozocubu's Armour
   429 | D:3      | Noticed Ijyb
   568 | D:4      | Noticed an ogre
   678 | D:4      | Noticed Bikaver's ghost (amateur BaSk)
   708 | D:5      | Entered Level 5 of the Dungeon
   715 | D:5      | Noticed a necrophage
   752 | D:5      | Found Tiodemus's Magic Scroll Shop.
   755 | D:5      | Bought a scroll of teleportation for 36 gold pieces
   755 | D:5      | Bought a scroll of identify for 24 gold pieces
   755 | D:5      | Bought a scroll of identify for 24 gold pieces
   781 | D:5      | Reached XP level 4. HP: 26/34 MP: 1/6
   809 | D:5      | Reached skill level 5 in Ice Magic
   909 | D:5      | Reached XP level 5. HP: 40/40 MP: 1/7
   991 | D:5      | Found a deep blue altar of Sif Muna.
   991 | D:5      | Found a shadowy altar of Dithmenos.
   991 | D:5      | Found a sacrificial altar of Ru.
   991 | D:5      | Found a snail-covered altar of Cheibriados.
   992 | D:5      | Found an ancient bone altar of Kikubaaqudgha.
   992 | D:5      | Found a shattered altar of Ashenzari.
   999 | D:5      | Became a worshipper of Cheibriados the Contemplative
  1184 | D:4      | Reached XP level 6. HP: 24/47 MP: 4/8
  1544 | D:4      | Learned a level 1 spell: Confusing Touch
  1607 | D:4      | Reached skill level 1 in Hexes
  1612 | D:4      | Reached * piety under Cheibriados
  1626 | D:4      | Noticed a phantom
  1642 | D:5      | Reached XP level 7. HP: 21/52 MP: 1/9
  1999 | D:6      | Found a staircase to the Ecumenical Temple.
  2050 | D:6      | Reached XP level 8. HP: 41/63 MP: 6/10
  2216 | D:7      | Reached skill level 1 in Charms
  2253 | D:7      | Reached skill level 5 in Unarmed Combat
  2513 | D:7      | Learned a level 4 spell: Summon Ice Beast
  2527 | D:8      | Noticed a two-headed ogre
  2555 | D:8      | Reached ** piety under Cheibriados
  2555 | D:8      | Reached skill level 1 in Shields
  2644 | D:8      | HP: 2/63 [hound (5)]
  2656 | D:8      | HP: 1/62 [killer bee (4)]
  2656 | D:8      | Slain by a killer bee

Vault maps used:
D:1:      dpeg_arrival_snail
D:3:      uniq_ijyb
D:4:      minmay_misc_feat_four_crosses, minmay_a_box_with_orc_wizards_in_it
D:5:      grunt_temple_overflow_open, first_bread, serial_shops,
          kennysheep_mini, lemuel_flame_loot_1
D:6:      temple_hall, st_stairs_13, nicolae_gozag_seed_capital

Skill      XL: |  1  2  3  4  5  6  7  8 |
---------------+-------------------------+-----
Ice Magic      | 4 5 |  5.7
Spellcasting   | 2 |  2.0
Fighting       | 1 3 |  3.2
Unarmed Combat | 3 4 5 |  5.7
Hexes          | 2 3 |  3.5
Dodging        | 2 |  2.7
Charms         | 1 |  1.0
Shields        | 3 |  3.1
Stealth        | |  2.1
Conjurations   | |  0.7

Action                   |  1- 3 |  4- 6 |  7- 9 || total
-------------------------+-------+-------+-------++-------
Melee: Unarmed           |    29 |   128 |   120 ||   277
       Punch             |       |       |     2 ||     2
 Cast: Freeze            |    31 |    60 |    39 ||   130
       Ozocubu's Armour  |       |     5 |     9 ||    14
       Confusing Touch   |       |     1 |     2 ||     3
Invok: Bend Time         |       |       |     1 ||     1
Evoke: Wand              |       |       |    10 ||    10
  Use: Scroll            |     8 |     2 |     5 ||    15
       Potion            |       |     1 |     3 ||     4
 Stab: Sleeping          |     3 |       |     4 ||     7
       Invisible         |       |     3 |       ||     3
       Confused          |       |     1 |       ||     1
  Eat: Chunk             |     9 |    22 |    13 ||    44
Armor: Robe              |     7 |    35 |       ||    42
       Leather armour    |       |    28 |    38 ||    66
Dodge: Dodged            |    29 |   100 |    85 ||   214
Block: Buckler           |       |       |    16 ||    16
